NCAA
SOUTHERN CALIFORNIA TROJANS @ COLORADO BUFFALOES
05/11/2027
 
TOP OF THE 1ST
Southern California Trojans batting - Pitching for Colorado Buffaloes : RHP Jason Karnes
Pitching: RHP Jason Karnes
Batting: RHB José Hernández 0-0: Ball
1-0: Ball
2-0: SINGLE (Line Drive, 34)
Batting: RHB Enrico Davis 0-0: Foul Ball, location: 2F
0-1: Ball
1-1: Called Strike
1-2: Ball
2-2: Strikes out swinging
Batting: LHB Kel Smith 0-0: Ball
1-0: Ball
2-0: Foul Ball, location: 2F
2-1: Ground out 4-3 (Groundball, 4S)
José Hernández to second
Batting: RHB Mike Carter 0-0: Ball
1-0: Ball
2-0: Ball
3-0: Called Strike
3-1: Called Strike
3-2: Base on Balls
Batting: RHB Eddy Davenport 0-0: Called Strike
0-1: Swinging Strike
0-2: Ball
1-2: 3-RUN HOME RUN (Flyball, 78XD), Distance : 372 ft
Batting: RHB Wade Martin 0-0: Ball
1-0: Ball
2-0: SOLO HOME RUN (Flyball, 7D), Distance : 354 ft
Batting: LHB Carl Hodge 0-0: Fly out, F7 (Flyball, 7LSF)
Top of the 1st over - 4 run(s), 3 hit(s), 0 error(s), 0 left on base; Southern California 4 - Colorado 0
BOTTOM OF THE 1ST
Colorado Buffaloes batting - Pitching for Southern California Trojans : LHP Kyle Harden
Pitching: LHP Kyle Harden
Batting: SHB Caleb Hart 0-0: Ball
1-0: Ball
2-0: Swinging Strike
2-1: Swinging Strike
2-2: Ball
3-2: Foul Ball, location: 2F
3-2: Foul Ball, location: 2F
3-2: Strikes out looking
Batting: RHB Jason Taylor 0-0: Fly out, F9 (Flyball, 9)
Batting: LHB Ethan Shaw 0-0: SOLO HOME RUN (Flyball, 89XD), Distance : 380 ft
Batting: LHB Marcos Fontanez 0-0: Ball
1-0: Ground out 5-3 (Groundball, 56)
Bottom of the 1st over - 1 run(s), 1 hit(s), 0 error(s), 0 left on base; Southern California 4 - Colorado 1
TOP OF THE 2ND
Southern California Trojans batting - Pitching for Colorado Buffaloes : RHP Jason Karnes
Batting: RHB Ben Byrd 0-0: Called Strike
0-1: Foul Ball, location: 2F
0-2: Ball
1-2: Ball
2-2: Foul Ball, location: 2F
2-2: Ball
3-2: SINGLE (Line Drive, 7S)
Batting: LHB Steve Herman 0-0: Ball
1-0: Foul Ball, location: 2F
1-1: Ball
2-1: Foul Ball, location: 2F
2-2: Strikes out looking
Batting: RHB José Hernández 0-0: Ball
1-0: Called Strike
Ben Byrd steals 2nd base
1-1: Ball
2-1: Ball
3-1: Foul Ball, location: 2F
3-2: Fly out, F4 (Line Drive, 4)
Batting: RHB Enrico Davis 0-0: Called Strike
0-1: Called Strike
0-2: Foul Ball, location: 2F
0-2: Foul Ball, location: 2F
0-2: Ball
1-2: Ball
2-2: Foul Ball, location: 2F
2-2: Ball
3-2: Strikes out swinging
Top of the 2nd over - 0 run(s), 1 hit(s), 0 error(s), 1 left on base; Southern California 4 - Colorado 1
BOTTOM OF THE 2ND
Colorado Buffaloes batting - Pitching for Southern California Trojans : LHP Kyle Harden
Batting: LHB Claudio Jaramillo 0-0: Ball
1-0: Swinging Strike
1-1: Called Strike
1-2: Foul Ball, location: 2F
1-2: Ball
2-2: Foul Ball, location: 2F
2-2: Strikes out swinging
Batting: LHB Jack Jefferson 0-0: Fly out, F9 (Flyball, 89M)
Batting: RHB Jeff Atkinson 0-0: Called Strike
0-1: Ball
1-1: Swinging Strike
1-2: Ball
2-2: Foul Ball, location: 2F
2-2: Ball
3-2: Base on Balls
Batting: SHB Edgardo Guzmán 0-0: Called Strike
0-1: Ball
1-1: Called Strike
1-2: Ball
2-2: Strikes out swinging
Bottom of the 2nd over - 0 run(s), 0 hit(s), 0 error(s), 1 left on base; Southern California 4 - Colorado 1
TOP OF THE 3RD
Southern California Trojans batting - Pitching for Colorado Buffaloes : RHP Jason Karnes
Batting: LHB Kel Smith 0-0: Called Strike
0-1: Foul Ball, location: 2F
0-2: Foul Ball, location: 2F
0-2: Foul Ball, location: 2F
0-2: Ball
1-2: Ball
2-2: Strikes out looking
Batting: RHB Mike Carter 0-0: Ball
1-0: Foul Ball, location: 2F
1-1: Foul Ball, location: 2F
1-2: Ball
2-2: Ball
3-2: Fly out, F8 (Flyball, 8RM)
Batting: RHB Eddy Davenport 0-0: Called Strike
0-1: Ball
1-1: Called Strike
1-2: SOLO HOME RUN (Flyball, 7LD), Distance : 327 ft
Batting: RHB Wade Martin 0-0: Ball
1-0: Ball
2-0: SINGLE (Groundball, 34D)
Pitching: LHP Sherwood Scott
Batting: LHB Carl Hodge 0-0: Ball
1-0: Called Strike
Wade Martin steals 2nd base
1-1: Ball
2-1: SINGLE (Groundball, 6D)
Wade Martin to third
Runner from 3rd tries for Home, throw and OUT!
Top of the 3rd over - 1 run(s), 3 hit(s), 0 error(s), 1 left on base; Southern California 5 - Colorado 1
BOTTOM OF THE 3RD
Colorado Buffaloes batting - Pitching for Southern California Trojans : LHP Kyle Harden
Batting: LHB Mark Spencer 0-0: Ball
1-0: Called Strike
1-1: Ball
2-1: SINGLE (Line Drive, 78M)
Batting: SHB Caleb Hart 0-0: Swinging Strike
0-1: Called Strike
0-2: Ball
1-2: Ball
2-2: Foul Ball, location: 2F
2-2: Fly out, F4 (Popup, 4S)
Batting: RHB Jason Taylor 0-0: Ball
1-0: Ball
2-0: Called Strike
2-1: Fly out, F9 (Line Drive, 9D)
Batting: LHB Ethan Shaw 0-0: Called Strike
0-1: Ball
1-1: Fly out, F6 (Popup, 56D)
Bottom of the 3rd over - 0 run(s), 1 hit(s), 0 error(s), 1 left on base; Southern California 5 - Colorado 1
TOP OF THE 4TH
Southern California Trojans batting - Pitching for Colorado Buffaloes : LHP Sherwood Scott
Batting: RHB Ben Byrd 0-0: Foul Ball, location: 2F
0-1: Ball
1-1: Foul Ball, location: 2F
1-2: Foul Ball, location: 2F
1-2: Foul Ball, location: 2F
1-2: Strikes out swinging
Batting: LHB Steve Herman 0-0: Ball
1-0: Called Strike
1-1: Swinging Strike
1-2: Strikes out swinging
Batting: RHB José Hernández 0-0: Ball
1-0: Ball
2-0: Ball
3-0: Called Strike
3-1: Base on Balls
Batting: RHB Enrico Davis 0-0: Ball
1-0: Ball
2-0: Fly out, F9 (Flyball, 9LS)
Top of the 4th over - 0 run(s), 0 hit(s), 0 error(s), 1 left on base; Southern California 5 - Colorado 1
BOTTOM OF THE 4TH
Colorado Buffaloes batting - Pitching for Southern California Trojans : LHP Kyle Harden
Batting: LHB Marcos Fontanez 0-0: Ball
1-0: Swinging Strike
1-1: Called Strike
1-2: DOUBLE (Line Drive, 8LD)
Batting: LHB Claudio Jaramillo 0-0: Foul Ball, location: 2F
0-1: Swinging Strike
0-2: Ball
1-2: Foul Ball, location: 2F
1-2: SINGLE (Flyball, 8RS) - OUT at second base trying to stretch hit.
Marcos Fontanez scores
Batting: LHB Jack Jefferson 0-0: Called Strike
0-1: Swinging Strike
0-2: Strikes out looking
Batting: RHB Jeff Atkinson 0-0: Ball
1-0: Foul Ball, location: 2F
1-1: Called Strike
1-2: Ball
2-2: Strikes out swinging
Bottom of the 4th over - 1 run(s), 2 hit(s), 0 error(s), 0 left on base; Southern California 5 - Colorado 2
TOP OF THE 5TH
Southern California Trojans batting - Pitching for Colorado Buffaloes : LHP Sherwood Scott
Batting: LHB Kel Smith 0-0: Ball
1-0: Foul Ball, location: 2F
1-1: Reached on error, E4 (Groundball, 34D)
Batting: RHB Mike Carter 0-0: Intentional Walk
Batting: RHB Eddy Davenport 0-0: Ball
1-0: Ball
2-0: Ball
3-0: Called Strike
3-1: Base on Balls
Kel Smith to third
Mike Carter to second
Batting: RHB Wade Martin 0-0: Ball
1-0: Swinging Strike
1-1: Called Strike
1-2: Strikes out looking
Batting: LHB Carl Hodge 0-0: Ball
1-0: Swinging Strike
1-1: Ball
2-1: Foul Ball, location: 2F
2-2: Grounds into double play, 6-2-3 (Groundball, 6)
Top of the 5th over - 0 run(s), 0 hit(s), 1 error(s), 2 left on base; Southern California 5 - Colorado 2
BOTTOM OF THE 5TH
Colorado Buffaloes batting - Pitching for Southern California Trojans : LHP Kyle Harden
Batting: SHB Edgardo Guzmán 0-0: Ball
1-0: Ball
2-0: Ball
3-0: Called Strike
3-1: Foul Ball, location: 2F
3-2: Base on Balls
Batting: LHB Mark Spencer 0-0: Ball
1-0: Ball
2-0: Fly out, F8 (Line Drive, 89M)
Batting: SHB Caleb Hart 0-0: Ball
1-0: Ball
2-0: Foul Ball, location: 2F
2-1: Foul Ball, location: 2F
2-2: Grounds into double play, 6-4-3 (Groundball, 56)
Bottom of the 5th over - 0 run(s), 0 hit(s), 0 error(s), 0 left on base; Southern California 5 - Colorado 2
TOP OF THE 6TH
Southern California Trojans batting - Pitching for Colorado Buffaloes : LHP Sherwood Scott
Batting: RHB Ben Byrd 0-0: Ball
1-0: Swinging Strike
1-1: Ball
2-1: Foul Ball, location: 2F
2-2: Ball
3-2: Foul Ball, location: 2F
3-2: Strikes out looking
Batting: LHB Steve Herman 0-0: Ball
1-0: Called Strike
1-1: Foul Ball, location: 2F
1-2: Fly out, F8 (Flyball, 8RM)
Batting: RHB José Hernández 0-0: Foul Ball, location: 2F
0-1: Ball
1-1: Fly out, F9 (Flyball, 9S)
Top of the 6th over - 0 run(s), 0 hit(s), 0 error(s), 0 left on base; Southern California 5 - Colorado 2
BOTTOM OF THE 6TH
Colorado Buffaloes batting - Pitching for Southern California Trojans : LHP Kyle Harden
Pitching: RHP Cam Roberts
Batting: RHB Jason Taylor 0-0: Ball
1-0: Called Strike
1-1: Called Strike
1-2: Strikes out swinging
Batting: LHB Ethan Shaw 0-0: Ball
1-0: Fly out, F7 (Flyball, 7D)
Batting: LHB Marcos Fontanez 0-0: Foul Ball, location: 2F
0-1: Swinging Strike
0-2: Fly out, F8 (Flyball, 8LM)
Bottom of the 6th over - 0 run(s), 0 hit(s), 0 error(s), 0 left on base; Southern California 5 - Colorado 2
TOP OF THE 7TH
Southern California Trojans batting - Pitching for Colorado Buffaloes : LHP Sherwood Scott
Pitching: LHP David Rodríguez
Batting: RHB Enrico Davis 0-0: Ball
1-0: Ball
2-0: Ball
3-0: Base on Balls
Batting: LHB Kel Smith 0-0: Ball
Enrico Davis steals 2nd base
1-0: Intentional Walk
Batting: RHB Mike Carter 0-0: Swinging Strike
0-1: Foul Ball, location: 2F
0-2: Ball
1-2: Fly out, F9 (Flyball, 9LM)
Batting: RHB Eddy Davenport 0-0: Foul Ball, location: 2F
0-1: Ball
1-1: Called Strike
1-2: Ball
2-2: Ball
3-2: Foul Ball, location: 2F
3-2: Base on Balls
Enrico Davis to third
Kel Smith to second
Batting: RHB Wade Martin 0-0: Ball
1-0: Called Strike
1-1: Ball
2-1: Foul Ball, location: 2F
2-2: Strikes out swinging
Batting: LHB Carl Hodge 0-0: Ball
1-0: Ball
2-0: Foul Ball, location: 2F
2-1: Ball
3-1: Base on Balls
Enrico Davis scores
Kel Smith to third
Eddy Davenport to second
Batting: RHB Ben Byrd 0-0: Ball
1-0: Called Strike
1-1: Called Strike
1-2: Foul Ball, location: 2F
1-2: Ball
2-2: Foul Ball, location: 2F
2-2: SINGLE (Groundball, 56) (infield hit)
Kel Smith scores
Eddy Davenport to third
Carl Hodge to second
Pitching: LHP Marc Fontenot
Batting: LHB Steve Herman 0-0: Ball
1-0: Called Strike
1-1: Ball
2-1: Ball
3-1: Ground out 4-3 (Groundball, 4M)
Top of the 7th over - 2 run(s), 1 hit(s), 0 error(s), 3 left on base; Southern California 7 - Colorado 2
BOTTOM OF THE 7TH
Colorado Buffaloes batting - Pitching for Southern California Trojans : RHP Cam Roberts
Batting: LHB Claudio Jaramillo 0-0: Called Strike
0-1: Swinging Strike
0-2: Fly out, F6 (Line Drive, 56)
Batting: LHB Jack Jefferson 0-0: Ball
1-0: Ball
2-0: Called Strike
2-1: Foul Ball, location: 2F
2-2: Fly out, F9 (Flyball, 89M)
Batting: RHB Jeff Atkinson 0-0: Ball
1-0: Fly out, F9 (Flyball, 89M)
Bottom of the 7th over - 0 run(s), 0 hit(s), 0 error(s), 0 left on base; Southern California 7 - Colorado 2
TOP OF THE 8TH
Southern California Trojans batting - Pitching for Colorado Buffaloes : LHP Marc Fontenot
Batting: RHB José Hernández 0-0: Ball
1-0: Foul Ball, location: 2F
1-1: Foul Ball, location: 2F
1-2: Ball
2-2: Fly out, F6 (Popup, 6D)
Batting: RHB Enrico Davis 0-0: Swinging Strike
0-1: Swinging Strike
0-2: Foul Ball, location: 2F
0-2: Strikes out swinging
Batting: LHB Kel Smith 0-0: Called Strike
0-1: Ball
1-1: Ground out 4-3 (Groundball, 4)
Top of the 8th over - 0 run(s), 0 hit(s), 0 error(s), 0 left on base; Southern California 7 - Colorado 2
BOTTOM OF THE 8TH
Colorado Buffaloes batting - Pitching for Southern California Trojans : RHP Cam Roberts
Batting: SHB Edgardo Guzmán 0-0: Ball
1-0: Foul Ball, location: 2F
1-1: Fly out, F9 (Flyball, 9)
Batting: LHB Mark Spencer 0-0: Called Strike
0-1: Ball
1-1: Foul Ball, location: 2F
1-2: SOLO HOME RUN (Flyball, 9D), Distance : 358 ft
Batting: SHB Caleb Hart 0-0: Ball
1-0: Ball
2-0: Called Strike
2-1: Foul Ball, location: 2F
2-2: Strikes out swinging
Batting: RHB Jason Taylor 0-0: Called Strike
0-1: Ball
1-1: Fly out, F4 (Popup, 4)
Bottom of the 8th over - 1 run(s), 1 hit(s), 0 error(s), 0 left on base; Southern California 7 - Colorado 3
TOP OF THE 9TH
Southern California Trojans batting - Pitching for Colorado Buffaloes : LHP Marc Fontenot
Batting: RHB Mike Carter 0-0: Called Strike
0-1: Swinging Strike
0-2: Ball
1-2: Foul Ball, location: 2F
1-2: Strikes out swinging
Batting: RHB Eddy Davenport 0-0: Ball
1-0: Ball
2-0: Called Strike
2-1: Foul Ball, location: 2F
2-2: Ball
3-2: SOLO HOME RUN (Flyball, 78XD), Distance : 365 ft
Batting: RHB Wade Martin 0-0: Called Strike
0-1: SINGLE (Groundball, 56) (infield hit)
Batting: LHB Carl Hodge 0-0: Grounds into double play, 4-6-3 (Groundball, 4)
Top of the 9th over - 1 run(s), 2 hit(s), 0 error(s), 0 left on base; Southern California 8 - Colorado 3
BOTTOM OF THE 9TH
Colorado Buffaloes batting - Pitching for Southern California Trojans : RHP Cam Roberts
Batting: LHB Ethan Shaw 0-0: SINGLE (Line Drive, 5)
Batting: LHB Marcos Fontanez 0-0: Called Strike
0-1: Fly out, F6 (Popup, 6)
Batting: LHB Claudio Jaramillo 0-0: Ball
1-0: Foul Ball, location: 2F
1-1: Foul Ball, location: 2F
1-2: Single, Error in OF, E8, batter to second base
Ethan Shaw to third
Pitching: RHP Hunter Bailey
Batting: LHB Jack Jefferson 0-0: Foul Ball, location: 2F
0-1: Ball
1-1: Foul Ball, location: 2F
1-2: Strikes out looking
Batting: RHB Jeff Atkinson 0-0: Called Strike
0-1: Called Strike
0-2: Foul Ball, location: 2F
0-2: Ball
1-2: Ball
2-2: Ball
3-2: 3-RUN HOME RUN (Flyball, 7D), Distance : 359 ft
Pitching: RHP Jorge Watson
Batting: SHB Edgardo Guzmán 0-0: Foul Ball, location: 2F
0-1: Swinging Strike
0-2: Strikes out looking
Bottom of the 9th over - 3 run(s), 3 hit(s), 1 error(s), 0 left on base; Southern California 8 - Colorado 6
Thursday, March 30th, 2017 - OOTP Baseball 17.12 Build 75